AoeStats
← Joaking

Arena

507390494Analyzed
4v4 RM · 14d ago on Sep 18, 2026· 74m 31s· 8 players
Game mode
Random Map
Map size
Large (8 player)
Population
200
Speed
Normal
Resources
Standard
Victory
Conquest
Starting age
Dark Age
Ending age
Imperial Age
RankedLock teamsTeams togetherTeam positionsShared explorationLock speedFull tech treeHidden civsTurbo modeCheats
Victory
Defeat
🇺🇸 Italians · United States
1104
+12
🇺🇸 Hindustanis · United States
1083
+12
🇨🇱 Persians · Chile
994
+16
🇨🇱 Maya · Chile
908
+20
🇮🇩 Gurjaras · Indonesia
1071
-18
🇬🇧 Spanish · United Kingdom
992
-15
🇨🇦 Turks · Canada
969
-14
🇨🇱 Bohemians · Chile
957
-13
614Superdry
8:44 Loom
11:47 Feudal Age
18:01 Castle Age
16:26 Gold Mining
16:53 Double-Bit Axe
17:23 Horse Collar
17:37 Stone Mining
22:44 Forging
23:55 Bloodlines
23:48 Husbandry
24:25 Iron Casting
24:44 Fletching
27:28 Bodkin Arrow
32:45 Imperial Age
30:54 Wheelbarrow
36:29 Heavy Plow
36:50 Bow Saw
38:29 Bracer
40:40 Blast Furnace
39:49 Scale Barding Armor
40:49 Two-Man Saw
40:34 Heavy Scorpion
42:50 Gold Shaft Mining
48:01 Thumb Ring
50:45 Padded Archer Armor
54:34 Conscription
55:02 Ballistics
55:57 Artillery
60:32 Hand Cart
MS2GUD1068
12:36 Feudal Age
16:52 Castle Age
19:27 Loom
30:06 Bloodlines
29:56 Husbandry
30:26 Horse Collar
32:08 Scale Barding Armor
32:13 Forging
36:30 Imperial Age
34:36 Wheelbarrow
33:47 Town Watch
34:46 Iron Casting
34:31 Chain Barding Armor
35:49 Pikeman
37:11 Chain Barding Armor
36:55 Scale Mail Armor
39:07 Gold Mining
40:20 Blast Furnace
39:22 Heavy Plow
39:16 Double-Bit Axe
38:57 Halberdier
39:23 Gambesons
39:39 Squires
40:39 Conscription
41:22 Town Patrol
41:19 Stone Mining
51:34 Cavalier
Joaking
10:49 Feudal Age
15:27 Castle Age
13:59 Fletching
14:29 Double-Bit Axe
14:54 Loom
18:46 Chemistry
18:08 Padded Archer Armor
35:07 Imperial Age
32:28 Pikeman
33:09 Squires
32:54 Arson
33:13 Scale Mail Armor
33:23 Forging
34:44 Chain Mail Armor
35:56 Halberdier
38:03 Plate Mail Armor
38:11 Horse Collar
39:16 Conscription
41:00 Wheelbarrow
40:10 Town Watch
40:47 Leather Archer Armor
41:08 Iron Casting
40:29 Bodkin Arrow
40:27 Houfnice
41:36 Town Patrol
42:16 Bow Saw
41:48 Horse Collar
43:01 Heavy Plow
45:39 Siege Engineers
48:12 Blast Furnace
47:13 Bracer
47:43 Ring Archer Armor
48:12 Hand Cart
48:11 Fortified Wall
48:30 Ballistics
52:49 Elite Skirmisher
BACOD_
10:07 Feudal Age
14:04 Castle Age
12:26 Double-Bit Axe
12:44 Horse Collar
15:39 Wheelbarrow
21:32 Hand Cart
21:29 Gold Mining
22:13 Bow Saw
24:02 Heavy Plow
24:45 Gold Shaft Mining
24:20 Loom
29:31 Imperial Age
27:29 Stone Mining
29:16 Forging
29:28 Scale Barding Armor
30:17 Stone Shaft Mining
30:25 Kshatriyas
31:02 Iron Casting
30:17 Heavy Camel Rider
31:20 Bloodlines
31:34 Chain Barding Armor
32:05 Crop Rotation
33:26 Conscription
34:25 Husbandry
35:54 Chemistry
34:48 Elite Shrivamsha Rider
36:13 Plate Barding Armor
36:46 Frontier Guards
41:31 Light Cavalry
43:11 Hussar
45:02 Ballistics
44:34 Fletching
45:06 Elite Skirmisher
46:21 Bodkin Arrow
49:05 Bracer
50:36 Padded Archer Armor
54:31 Leather Archer Armor
53:53 Elite Elephant Archer
62:57 Crossbowman
NIGHTMARE FLARE
10:14 Loom
12:22 Feudal Age
13:46 Double-Bit Axe
16:21 Castle Age
14:24 Horse Collar
18:09 Gold Mining
21:36 Bow Saw
22:23 Fletching
25:27 Bodkin Arrow
42:31 Heavy Plow
43:26 Wheelbarrow
43:33 Fortified Wall
48:44 Hand Cart
52:29 Imperial Age
50:24 Padded Archer Armor
53:17 Bracer
53:48 Leather Archer Armor
57:31 Two-Man Saw
56:20 Town Watch
57:19 Crop Rotation
58:08 Leather Archer Armor
58:16 Ballistics
58:56 Chemistry
58:22 Forging
58:17 Scale Barding Armor
58:00 Light Cavalry
58:42 Husbandry
58:53 Bloodlines
59:08 Scale Mail Armor
59:17 Squires
59:02 Arson
60:24 Iron Casting
59:59 Treadmill Crane
60:51 Conscription
60:51 Chain Mail Armor
63:50 Plate Mail Armor
65:14 Blast Furnace
66:24 Hussar
67:11 Scale Barding Armor
68:30 Chain Barding Armor
71:52 Plate Barding Armor
74:15 Stone Mining
ebag876
11:14 Feudal Age
12:48 Loom
13:14 Horse Collar
15:42 Castle Age
13:59 Double-Bit Axe
15:18 Wheelbarrow
16:34 Heavy Plow
16:51 Bow Saw
18:16 Bloodlines
21:47 Light Cavalry
23:57 Scale Barding Armor
25:39 Fletching
25:49 Padded Archer Armor
25:48 Elite Skirmisher
27:08 Forging
27:44 Bodkin Arrow
29:24 Hand Cart
30:04 Town Watch
30:52 Crossbowman
31:39 Thumb Ring
34:55 Imperial Age
33:33 Leather Archer Armor
33:42 Ballistics
34:06 Iron Casting
33:31 Scale Mail Armor
35:23 Squires
35:15 Arson
36:51 Blast Furnace
35:52 Bracer
36:22 Ring Archer Armor
37:10 Chemistry
37:36 Chain Mail Armor
37:01 Heavy Camel Rider
37:28 Pikeman
40:15 Two-Man Saw
39:46 Husbandry
41:49 Chain Barding Armor
40:55 Imperial Camel Rider
43:57 Plate Barding Armor
45:29 Hussar
47:41 Conscription
63:35 Shatagni
62:57 Elite Ghulam
69:43 Gold Mining
69:43 Stone Mining
Cr4toZ
2:55 Loom
11:08 Feudal Age
15:17 Castle Age
13:08 Double-Bit Axe
14:08 Horse Collar
16:29 Bow Saw
20:56 Heavy Plow
21:07 Gold Mining
22:29 Wheelbarrow
23:26 Hand Cart
24:09 Gold Shaft Mining
24:16 Scale Barding Armor
24:22 Forging
25:26 Bloodlines
25:17 Husbandry
25:58 Chain Barding Armor
27:12 Iron Casting
31:02 Stone Mining
30:52 Light Cavalry
32:01 Ballistics
34:15 Imperial Age
32:02 Caravan
34:04 Cavalier
34:06 Heavy Camel Rider
36:07 Plate Barding Armor
36:33 Blast Furnace
35:25 Fletching
37:56 Conscription
37:38 Kamandaran
39:51 Chemistry
39:51 Hussar
42:49 Citadels
42:40 Bodkin Arrow
42:45 Padded Archer Armor
46:07 Thumb Ring
45:22 Crossbowman
46:22 Leather Archer Armor
50:17 Savar
59:00 Two-Man Saw
Chocapic
12:15 Feudal Age
13:41 Double-Bit Axe
13:42 Horse Collar
13:55 Gold Mining
19:16 Castle Age
19:15 Stone Mining
23:32 Wheelbarrow
26:53 Elite Skirmisher
30:09 Padded Archer Armor
29:59 Fletching
34:09 Imperial Age
32:06 Leather Archer Armor
34:16 Ballistics
34:38 Bodkin Arrow
36:30 Bow Saw
38:33 Chemistry
40:25 Crossbowman
41:11 Thumb Ring
41:57 Heavy Plow
41:53 Arbalester
48:01 Ring Archer Armor
61:42 Bracer
61:53 Forging
63:32 Squires
65:23 Two-Man Saw
67:51 Pikeman
68:17 Arson
Connection lost

Rejoining the realm…

Still unreachable

The connection could not be restored.

Session expired

The server has moved on; the page needs a fresh start.